 Dungeon Crawl Stone Soup version 0.16.1-12-gf5c4a84 (webtiles) character file.

126741 Phaniac the Severer (level 17, -7/133 HPs)
             Began as a Human Berserker on Apr 8, 2015.
             Was the Champion of Trog.
             Mangled by a merfolk
             ... wielding a +0 trident
              (11 damage)
             ... on level 4 of the Shoals on Apr 9, 2015.
             The game lasted 02:23:38 (34844 turns).

Phaniac the Severer (Human Berserker)              Turns: 34844, Time: 02:23:38

Health: -7/133     AC: 26    Str: 29    XL:     17   Next: 54%
Magic:  17/17      EV: 17    Int: 10    God:    Trog [******]
Gold:   1893       SH:  0    Dex: 20    Spells: 0 memorised, 16 levels left

rFire  . . .     SeeInvis .     A - +2 executioner's axe (freeze)
rCold  + + .     Clarity  .     Q - +6 chain mail {rC+}
rNeg   . . .     SustAb   .     (no shield)
rPois  +         Gourm    .     r - +0 helmet
rElec  .         Spirit   .     V - +2 cloak {rPois}
rCorr  .         Warding  .     w - +0 pair of gloves "Xeobb" {Str+10}
rMut   +         Stasis   .     f - +0 pair of boots
MR     +....                    L - amulet of resist mutation
Stlth  ..........               l - ring of protection from cold
                                D - +4 ring of dexterity

@: mesmerised, very slightly contaminated, invisible, somewhat resistant to
hostile enchantments, extremely unstealthy
A: no striking features
a: Burn Spellbooks, Berserk, Trog's Hand, Brothers in Arms, Renounce Religion


You were on level 4 of the Shoals.
You worshipped Trog.
Trog was exalted by your worship.
You were hungry.

You visited 4 branches of the dungeon, and saw 28 of its levels.
You also visited: Sewer and Ice Cave.

You collected 2860 gold pieces.
You spent 967 gold pieces at shops.

Inventory:

Hand weapons
 u - a +3 executioner's axe of venom
 A - a +2 executioner's axe of freezing (weapon)
 K - the +6 arbalest "Hellfire" {hellfire, rF++ rC- MR+}
   (Trog gifted it to you on level 8 of the Lair of Beasts)

   It greatly protects you from fire.
   It makes you vulnerable to cold.
   It affects your resistance to hostile enchantments.
 W - a +7 antimagic battleaxe
Missiles
 p - 57 bolts
Armour
 f - a +0 pair of boots (worn)
 r - a +0 helmet (worn)
 w - the +0 pair of gloves "Xeobb" (worn) {Str+10}
   (You found it on level 6 of the Lair of Beasts)

   It affects your strength (+10).
 O - a +0 troll leather armour
 Q - a +6 chain mail of cold resistance (worn)
 V - a +2 cloak of poison resistance (worn)
Jewellery
 e - an uncursed ring of protection from fire
 l - a ring of protection from cold (right hand)
 m - an uncursed ring of positive energy
 y - an uncursed ring of teleportation
 D - a +4 ring of dexterity (left hand)
 L - an amulet of resist mutation (around neck)
 X - a +4 ring of dexterity
Magical devices
 a - a wand of lightning (4)
 b - a wand of digging (16)
 g - a wand of random effects (37)
 h - a wand of disintegration (6)
 j - a wand of draining (2)
 T - a wand of fire (9)
Scrolls
 k - 3 scrolls of blinking
 s - 3 scrolls of remove curse
 v - 18 scrolls of identify
 x - 5 scrolls of magic mapping
 H - 4 scrolls of teleportation
 Y - 7 scrolls of fear
Potions
 i - 3 potions of haste
 t - 2 potions of invisibility
 z - 13 potions of curing
 J - 2 potions of restore abilities
 M - 3 potions of resistance
Books
 B - a book of Summonings

   Spells                             Type                      Level
   a - Abjuration                     Summoning                    3
   b - Recall                         Summoning/Translocation      3
   c - Shadow Creatures               Summoning                    5
   d - Summon Demon                   Summoning                    5
   e - Summon Forest                  Summoning/Translocation      5
   f - Monstrous Menagerie            Summoning                    6
   Trog disapproves of the use of such an item.
Miscellaneous
 F - a phial of floods (inert)
 S - a fan of gales (inert)
Comestibles
 c - 14 bread rations
 n - 6 fruits
 o - a royal jelly
 I - 3 slices of pizza


   Skills:
 + Level 12.1 Fighting
 * Level 19.4(19.8) Axes
   Level 7.9(14.9) Maces & Flails
 + Level 7.8 Crossbows
 + Level 11.7 Armour
 + Level 10.5 Dodging


You had 16 spell levels left.
You didn't know any spells.

Dungeon Overview and Level Annotations

Branches:
Dungeon (12/15)            Temple (0/1) D:4            Lair (8/8) D:9
  Swamp (0/5) Lair:4       Shoals (4/5) Lair:6        Snake (0/5) Lair:6
  Slime (0/6) Lair:6          Orc (4/4) D:12            Elf (0/3) Orc:4

Altars:
Ashenzari
Cheibriados
Kikubaaqudgha
Makhleb
Nemelex Xobeh
Okawaru
Ru
Sif Muna
Trog
Xom
The Shining One
Beogh
Jiyva

Shops:
D:12 ?   Orc:1 :   Orc:4 ([:*   Shoals:4 =

Annotations:
D:7 4 runed doors
Shoals:1 exclusion: oklob plant
Shoals:4 Ilsuiw


Message History

The water elemental hits you. The water elemental misses you.
Something closely misses you. The merfolk closely misses you.
The merfolk javelineer throws a javelin.
You hear a splash.
The siren chants its luring song.
The merfolk aquamancer completely misses you.
Evoke which item? (* to show all) (? for menu, Esc to quit)
Okay, then.
Read which item? (? for menu, Esc to quit)
Okay, then.
Drink which item? (? for menu, Esc to quit)
You feel better.
* * * LOW HITPOINT WARNING * * *
Your lungs strain for air!
The water elemental hits you!
* * * LOW HITPOINT WARNING * * *
You gasp with relief as air once again reaches your lungs.
The merfolk javelineer closely misses you.
The merfolk hits you with a trident!
You die...

P≈≈ ≈≈≈≈≈≈≈≈≈≈..
....P≈≈≈≈≈≈≈≈≈≈≈≈≈≈.#
#....≈≈≈≈≈≈≈≈≈≈.....#
##...≈≈≈≈≈≈≈≈≈≈).....#
.##....≈≈≈≈.≈≈≈≈≈≈.....)
≈≈......≈...≈≈≈≈≈≈......
≈≈....≈≈≈...≈≈≈≈≈.###...
.≈≈..}≈≈≈≈≈...≈≈..## ##..
......≈m@m≈......≈.###...
..≈≈≈EmE((≈.....≈≈..##..[
≈≈≈≈≈m)EE≈............≈≈≈
≈≈≈≈≈≈!≈........##..≈≈≈≈
≈)≈≈≈≈≈≈)≈≈≈....##.(≈≈≈≈
§)≈≈≈≈≈≈≈≈≈≈....##..≈≈≈≈
§≈≈≈≈≈≈≈≈≈≈....##..≈≈≈≈
§≈≈≈≈≈≈≈≈≈≈...####.≈≈≈
§≈≈≈≈≈≈≈≈≈...# ##.


You could see a merfolk javelineer, a merfolk aquamancer, a merfolk, 4 water
elementals and a siren.

Vanquished Creatures
  Asterion (Shoals:2)
  Agnes (Shoals:2)
  Kirke (Shoals:2)
  Wiglaf (Shoals:2)
  An orc warlord (Orc:4)
  Gastronok (D:12)
  A merfolk javelineer (Shoals:4)
  Snorg (Lair:4)
  A merfolk impaler (Shoals:1)
  Josephine (Shoals:1)
  Fannar (Lair:7)
  Nessos (Orc:4)
  2 catoblepae
  13 hydras
  2 merfolk avatars
  An alligator snapping turtle (Shoals:2)
  A merfolk aquamancer (Shoals:1)
  A deep troll shaman (Lair:8)
  An orc high priest (Orc:4)
  16 death yaks
  Nergalle (Lair:7)
  7 sea snakes
  2 ice statues (IceCv)
  4 orc knights
  A hill giant (D:12)
  3 orc sorcerers (Orc:4)
  A cyclops (D:12)
  6 fauns (Shoals:2)
  3 ugly things
  6 water nymphs
  5 griffons
  12 harpies (Shoals:1)
  5 manticores
  Maurice (Orc:4)
  16 black mambas
  8 sirens
  21 elephants
  A gargoyle (D:12)
  2 torpor snails (Lair:8)
  14 spiny frogs
  7 komodo dragons
  2 fire drakes
  3 kobold demonologists
  4 trolls
  A two-headed ogre (D:9)
  17 merfolk
  3 polar bears (Lair:8)
  Prince Ribbit (D:6)
  2 shadows (D:12)
  9 blink frogs
  2 basilisks
  9 snapping turtles
  6 water elementals
  A redback (shapeshifter) (D:10)
  44 yaks
  2 deep elf magi
  2 wyverns
  A human (D:8)
  2 vampire mosquitoes (D:12)
  17 hippogriffs
  5 wraiths
  4 hogs
  12 swamp worms
  23 wolves
  A hungry ghost (D:11)
  Edmund (D:4)
  8 porcupines
  A chaos spawn (Orc:4)
  A warg (Orc:4)
  23 water moccasins
  4 sky beasts
  2 black bears (D:10)
  6 ogres
  A necrophage (D:12)
  27 ice beasts
  2 phantoms
  3 centaurs
  23 orc warriors
  23 crocodiles
  24 giant frogs
  3 big kobolds
  A brain worm (Lair:5)
  4 scorpions
  A wyvern skeleton (D:10)
  9 wights
  4 killer bees (D:9)
  9 electric eels
  3 crimson imps
  4 goliath beetles
  12 hounds
  16 orc priests
  6 jellies
  2 giant frog zombies (D:9)
  Crazy Yiuf (D:4)
  5 giant frog skeletons
  A quasit (D:11)
  8 worker ants
  4 centaur skeletons
  An iron imp (D:11)
  14 iguanas
  30 orc wizards
  3 spectral orcs (Lair:7)
  28 sheep
  3 mummies
  2 worker ant zombies
  33 adders
  9 gnolls
  58 river rats
  A shadow imp (D:5)
  A giant mite (D:3)
  A white imp (D:11)
  14 worms
  2 adder zombies
  3 orc skeletons (Orc:4)
  2 adder skeletons
  3 giant geckos
  143 orcs
  14 bats
  2 bat zombies
  3 giant cockroaches
  23 goblins
  12 hobgoblins
  10 jackals
  7 oozes
  17 quokkas
  7 ball pythons
  A giant gecko skeleton (D:9)
  8 giant newts
  31 kobolds
  A quokka zombie (D:9)
  36 rats
  2 bushes (Lair:7)
  17 fungi
  30 plants
1162 creatures vanquished.

Vanquished Creatures (collateral kills)
  A water elemental (Shoals:2)
1 creature vanquished.

Vanquished Creatures (others)
  A siren (Shoals:4)
  A drowned soul (Shoals:1)
  A hobgoblin (D:4)
  18 fungi
  12 plants
33 creatures vanquished.

Grand Total: 1196 creatures vanquished

Notes
Turn   | Place    | Note
--------------------------------------------------------------
     0 | D:1      | Phaniac, the Human Berserker, began the quest for the Orb.
     0 | D:1      | Reached XP level 1. HP: 18/18 MP: 1/1
   410 | D:1      | Reached XP level 2. HP: 22/24 MP: 2/2
  1407 | D:2      | Reached XP level 3. HP: 28/29 MP: 3/3
  2034 | D:2      | Reached XP level 4. HP: 29/35 MP: 4/4
  2447 | D:2      | Reached skill level 4 in Axes
  2590 | D:2      | Found an iron altar of Okawaru.
  2818 | D:2      | Reached XP level 5. HP: 36/41 MP: 5/5
  2990 | D:3      | Acquired Trog's second power
  3311 | D:3      | Reached XP level 6. HP: 34/47 MP: 6/6
  3498 | D:3      | Found a glowing drain.
  3569 | Sewer    | Entered a sewer
  4037 | Sewer    | Reached skill level 5 in Axes
  4295 | Sewer    | Reached XP level 7. HP: 28/53 MP: 7/7
  5105 | D:4      | Found an iron altar of Okawaru.
  5254 | D:4      | Noticed Edmund
  5267 | D:4      | Killed Edmund
  5586 | D:4      | Found a staircase to the Ecumenical Temple.
  5649 | D:4      | Noticed Crazy Yiuf
  5654 | D:4      | Killed Crazy Yiuf
  5654 | D:4      | Reached skill level 6 in Axes
  5706 | D:4      | Acquired Trog's third power
  5731 | D:5      | Entered Level 5 of the Dungeon
  5885 | D:5      | Reached skill level 1 in Maces & Flails
  5885 | D:5      | Reached XP level 8. HP: 60/60 MP: 8/8
  6680 | D:5      | Reached skill level 5 in Maces & Flails
  6881 | D:6      | Found a glowing golden altar of the Shining One.
  7035 | D:6      | Found an ancient bone altar of Kikubaaqudgha.
  7159 | D:6      | Reached XP level 9. HP: 65/65 MP: 9/9
  7332 | D:6      | Noticed Prince Ribbit
  7348 | D:6      | Killed Prince Ribbit
  7348 | D:6      | Reached skill level 7 in Maces & Flails
  7661 | D:6      | Got a faintly humming robe
  7672 | D:6      | Identified the +1 robe "Mnehal" {+Fly Slay+5} (You found it on level 6 of the Dungeon)
  7806 | D:7      | Found a sparkling altar of Nemelex Xobeh.
  8034 | D:7      | Found a sacrificial altar of Ru.
  8189 | D:7      | Found a snail-covered altar of Cheibriados.
  8277 | D:7      | Found a shimmering altar of Xom.
  8386 | D:7      | Got a smoking quarterstaff
  8387 | D:7      | Identified the +8 quarterstaff of Eternal Harmony {antimagic, SInv} (You found it on level 7 of the Dungeon)
  8398 | D:7      | Found a huge runed gate.
  8398 | D:7      | Found a huge runed gate.
  8398 | D:7      | Found a huge runed gate.
  8398 | D:7      | Found a huge runed gate.
  8398 | D:7      | Noticed a polar bear
  8398 | D:7      | Noticed a griffon
  8398 | D:7      | Noticed a polar bear
  8602 | D:7      | Reached skill level 5 in Fighting
  8602 | D:7      | Reached skill level 5 in Armour
  8612 | D:7      | Reached XP level 10. HP: 64/74 MP: 10/10
  9219 | D:8      | Reached skill level 8 in Axes
  9582 | D:8      | Found an ancient bone altar of Kikubaaqudgha.
  9931 | D:8      | Found a burning altar of Makhleb.
 10116 | D:8      | Reached skill level 9 in Axes
 10234 | D:9      | Found a staircase to the Lair.
 10236 | D:9      | Noticed an elephant
 10246 | D:9      | Killed an elephant
 10477 | D:9      | Found a deep blue altar of Sif Muna.
 10548 | D:9      | Reached XP level 11. HP: 58/83 MP: 11/11
 10825 | D:9      | Reached skill level 10 in Axes
 11169 | D:9      | Received a gift from Trog
 11367 | D:10     | Entered Level 10 of the Dungeon
 11691 | D:10     | Found a shattered altar of Ashenzari.
 11905 | D:10     | Reached skill level 11 in Axes
 12039 | Lair:1   | Entered Level 1 of the Lair of Beasts
 12256 | Lair:1   | Reached skill level 12 in Axes
 12616 | Lair:1   | Reached XP level 12. HP: 88/91 MP: 12/12
 12658 | Lair:1   | Noticed an eight-headed hydra
 12669 | Lair:1   | Killed a 13-headed hydra
 12669 | Lair:1   | Received a gift from Trog
 12932 | Lair:1   | Reached skill level 13 in Axes
 13607 | Lair:2   | Reached skill level 14 in Axes
 13805 | Lair:2   | Found a frozen archway.
 13850 | IceCv    | Entered an ice cave
 13989 | IceCv    | Reached skill level 15 in Axes
 14461 | Lair:2   | Noticed a seven-headed hydra
 14474 | Lair:2   | Killed a 14-headed hydra
 14474 | Lair:2   | Reached XP level 13. HP: 84/96 MP: 13/13
 14943 | Lair:3   | Received a gift from Trog
 15980 | Lair:4   | Reached skill level 5 in Dodging
 16175 | Lair:4   | Noticed Snorg
 17890 | Lair:5   | Reached skill level 16 in Axes
 17965 | Lair:5   | Received a gift from Trog
 18337 | Lair:6   | Got a pair of blackened gloves
 18343 | Lair:6   | Identified the +0 pair of gloves "Xeobb" {Str+10} (You found it on level 6 of the Lair of Beasts)
 18532 | Lair:4   | Killed Snorg
 19656 | Lair:4   | Reached XP level 14. HP: 87/106 MP: 14/14
 19678 | Lair:4   | Found a staircase to the Swamp.
 19997 | Lair:6   | Received a gift from Trog
 20122 | Lair:6   | Found a staircase to the Shoals.
 20153 | Lair:6   | Found a runed door.
 20153 | Lair:6   | Found a viscous altar of Jiyva.
 20153 | Lair:6   | Found a staircase to the Slime Pits.
 20302 | Lair:6   | Found a staircase to the Snake Pit.
 20312 | Lair:6   | Reached skill level 1 in Crossbows
 21697 | Lair:7   | Reached skill level 17 in Axes
 21710 | Lair:7   | Received a gift from Trog
 22105 | Lair:7   | Noticed Nergalle
 22115 | Lair:7   | Killed Nergalle
 22455 | Lair:8   | Entered Level 8 of the Lair of Beasts
 22930 | Lair:8   | Received a gift from Trog
 23049 | Lair:8   | Reached XP level 15. HP: 61/115 MP: 15/15
 23069 | Lair:8   | Noticed Fannar
 23085 | Lair:7   | Killed Fannar
 23354 | Lair:8   | Reached skill level 10 in Armour
 23363 | Lair:8   | Reached skill level 10 in Fighting
 24020 | Lair:7   | Received a gift from Trog
 24805 | Lair:8   | Reached skill level 5 in Crossbows
 25116 | Lair:8   | Reached skill level 18 in Axes
 25728 | D:11     | Noticed a white ugly thing
 25736 | D:11     | Killed a white ugly thing
 25906 | D:11     | Noticed a catoblepas
 25909 | D:11     | Noticed a brown ugly thing
 25918 | D:11     | Killed a catoblepas
 25921 | D:11     | Killed a brown ugly thing
 26191 | D:11     | Received a gift from Trog
 26322 | D:12     | Found Ceimef's Magic Scroll Emporium.
 26330 | D:12     | Bought a scroll of enchant armour for 90 gold pieces
 26330 | D:12     | Bought a scroll of fear for 42 gold pieces
 26330 | D:12     | Bought a scroll of enchant weapon for 90 gold pieces
 26330 | D:12     | Bought a scroll of teleportation for 36 gold pieces
 26330 | D:12     | Bought a scroll of fear for 42 gold pieces
 26865 | D:12     | Noticed Gastronok
 26878 | D:12     | Killed Gastronok
 26878 | D:12     | Reached XP level 16. HP: 124/124 MP: 16/16
 27198 | D:12     | Found a staircase to the Orcish Mines.
 27308 | Orc:1    | Entered Level 1 of the Orcish Mines
 27333 | Orc:1    | Found Psoh's Book Boutique.
 27633 | Orc:1    | Received a gift from Trog
 27714 | Orc:2    | Found a bloodstained altar of Trog.
 28350 | Orc:3    | Found a roughly hewn altar of Beogh.
 28614 | Orc:3    | Received a gift from Trog
 28854 | Orc:4    | Entered Level 4 of the Orcish Mines
 28857 | Orc:4    | Noticed Nessos
 28862 | Orc:4    | Killed Nessos
 28902 | Orc:4    | Received a gift from Trog
 29031 | Orc:4    | Paralysed by an orc sorcerer for 7 turns
 29303 | Orc:4    | Found a roughly hewn altar of Beogh.
 29386 | Orc:4    | Found Umnut's General Store.
 29400 | Orc:4    | Noticed Maurice
 29403 | Orc:4    | Killed Maurice
 29403 | Orc:4    | Received a gift from Trog
 29411 | Orc:4    | Found Plai's Book Shoppe.
 29435 | Orc:4    | Found Nastriada's Antique Weapon Shoppe.
 29571 | Orc:4    | Found Enaazutus' Antique Armour Shoppe.
 29578 | Orc:4    | Bought a shiny plate armour for 667 gold pieces
 29865 | Orc:4    | Found a staircase to the Elven Halls.
 30377 | Shoals:1 | Entered Level 1 of the Shoals
 30867 | Shoals:1 | Received a gift from Trog
 30882 | Shoals:1 | Got a fine battleaxe {god gift}
 30883 | Shoals:1 | Identified the -2 battleaxe of the Eternal Void {chop, Contam +Inv rElec rF+ rC+} (Trog gifted it to you on level 1 of the Shoals)
 31617 | Shoals:1 | Noticed Josephine
 31631 | Shoals:1 | Reached skill level 10 in Dodging
 31636 | Shoals:1 | Killed Josephine
 31920 | Shoals:1 | Found a glowing golden altar of the Shining One.
 32579 | Shoals:2 | Noticed Asterion
 32582 | Shoals:2 | Noticed Agnes
 32582 | Shoals:2 | Noticed Kirke
 32584 | Shoals:2 | Noticed Wiglaf
 32728 | Shoals:2 | Reached XP level 17. HP: 80/133 MP: 17/17
 32990 | Shoals:2 | Reached skill level 19 in Axes
 33000 | Shoals:2 | Killed Agnes
 33118 | Shoals:2 | Killed Asterion
 33291 | Shoals:2 | Killed Kirke
 33413 | Shoals:2 | Killed Wiglaf
 34318 | Shoals:3 | Got an ancient ring mail
 34329 | Shoals:3 | Identified the +4 ring mail "Thasyiso" {rElec rC+ Str+3} (You found it on level 3 of the Shoals)
 34811 | Shoals:4 | Found Psusuwk's Jewellery Shoppe.
 34824 | Shoals:4 | Noticed Ilsuiw
 34844 | Shoals:4 | HP: 4/133 [water elemental[Ilsuiw] (8)]
 34844 | Shoals:4 | Mangled by a merfolk

Action                   |  1- 3 |  4- 6 |  7- 9 | 10-12 | 13-15 | 16-18 || total
-------------------------+-------+-------+-------+-------+-------+-------++-------
Melee: Hand axe          |    91 |   257 |   140 |       |       |       ||   488
       Flail             |       |       |   215 |       |       |       ||   215
       Battleaxe         |       |       |    52 |   272 |       |    70 ||   394
       Executioner's axe |       |       |       |   290 |   979 |   536 ||  1805
 Fire: Arbalest          |       |       |       |       |     8 |    60 ||    68
Throw: Stone             |    55 |       |       |       |       |       ||    55
       Javelin           |       |       |     1 |    15 |    42 |       ||    58
Invok: Berserk           |     4 |     2 |     9 |    22 |    27 |     7 ||    71
       Burn Spellbooks   |       |       |       |       |     2 |       ||     2
Evoke: Fan of gales      |       |       |       |       |       |     1 ||     1
       Phial of floods   |       |       |       |       |       |     1 ||     1
  Use: Scroll            |       |     9 |     3 |    20 |    15 |     3 ||    50
       Potion            |       |       |     1 |     2 |     1 |     9 ||    13
 Stab: Distracted        |       |       |       |       |       |     1 ||     1
  Eat: Chunk             |     7 |    10 |    21 |    34 |    63 |    32 ||   167
       Beef jerky        |       |       |     1 |     3 |       |       ||     4
       Pizza             |       |       |       |     2 |     3 |     1 ||     6
       Fruit             |       |       |       |       |     1 |     1 ||     2
